 Dungeon Crawl Stone Soup version 0.19.5 (webtiles) character file.

175 Just00me the Covered (level 5, 0/41 HPs)
             Began as a Human Fighter on Apr 7, 2017.
             Slain by a ball python (1 damage)
             ... in a sewer.
             The game lasted 00:11:23 (2763 turns).

Just00me the Covered (Human Fighter)                Turns: 2763, Time: 00:11:24

Health: 0/41       AC: 10    Str: 17    XL:     5   Next: 86%
Magic:  5/5        EV:  1    Int:  8    God:
Gold:   116        SH:  9    Dex: 13    Spells: 0 memorised, 4 levels left

rFire  . . .     SeeInvis .     a - +0 long sword
rCold  . . .     Gourm    .     e - +0 chain mail
rNeg   . . .     Faith    .     p - +0 shield
rPois  .         Spirit   .     s - +0 helmet
rElec  .         Reflect  .     (no cloak)
rCorr  .         Harm     .     (no gloves)
MR     .....                    (no boots)
Stlth  ..........               (no amulet)
                                (no ring)
                                (no ring)

@: constricted
A: no striking features
a: no special abilities


You were in a sewer.
You were not hungry.

You visited 1 branch of the dungeon, and saw 3 of its levels.
You also visited: Sewer.

You collected 116 gold pieces.

Inventory:

Hand Weapons
 a - a +0 long sword (weapon)
Armour
 e - a +0 chain mail (worn)
 p - a +0 shield (worn)
 s - a +0 helmet (worn)
Scrolls
 i - 3 scrolls of identify
 j - a scroll of recharging {unknown}
 k - 3 scrolls of teleportation
 l - a scroll of magic mapping {unknown}
 n - 2 scrolls of blinking {unknown}
 o - a scroll of amnesia {unknown}
 q - a scroll of remove curse {unknown}
 t - a scroll of enchant weapon {unknown}
 v - 2 scrolls of immolation {unknown}
Potions
 b - a potion of curing {unknown}
 c - a potion of degeneration {unknown}
 d - a potion of might
 g - a potion of flight {unknown}
 h - a potion of resistance {unknown}
 m - 3 potions of heal wounds
 r - 3 potions of agility {unknown}
 u - a potion of magic {unknown}
 w - 2 potions of brilliance {unknown}
 x - a potion of cancellation {unknown}
Comestibles
 f - 5 bread rations
 z - 5 chunks of flesh


   Skills:
 - Level 3.0 Fighting
 + Level 4.2 Long Blades
 + Level 4.7 Armour
 - Level 3.0 Shields


You had 4 spell levels left.
You didn't know any spells.

Dungeon Overview and Level Annotations

Branches:
Dungeon (3/15)

Altars:
Gozag
Makhleb
Nemelex Xobeh


Message History

The ball python bites you but does no damage.
The ball python constricts you. The rat bites you but does no damage.
Unknown command.
You escape the ball python's grasp.
You block the ball python's attack. The ball python grabs you.
The ball python constricts you. The rat bites you but does no damage.
You escape the ball python's grasp.
The ball python barely misses you. You block the ball python's attack.
The ball python bites you.
* * * LOW HITPOINT WARNING * * *
The ball python grabs you.
* * * LOW HITPOINT WARNING * * *
The ball python constricts you.
You escape the ball python's grasp.
You enter the shallow water.
Moving in this stuff is going to be slow.
You block the ball python's attack. The ball python grabs you.
The ball python constricts you.
Your unstable footing causes you to fumble your attack.
The ball python bites you but does no damage.
You die...

#### ####### ######..#.[ ##r.##
###.....## ###....#.....
S.r..####........####.....)))...#
S.r.........###...........(#.....
..##.......###............≈#..#..
####........##.....##....≈≈######
#..........%.r..####≈.≈≈≈≈≈≈≈≈
≈≈...........≈†S.##≈≈≈≈≈≈≈≈≈≈≈≈≈
≈≈..≈.≈≈..≈≈≈≈≈≈@≈≈≈≈≈≈≈≈≈≈≈≈≈≈≈≈
≈≈≈≈≈≈≈≈≈≈≈≈≈≈≈≈≈≈≈≈≈≈≈≈≈≈≈≈≈≈≈≈≈
≈≈≈≈≈≈≈≈≈≈≈≈≈≈≈≈≈≈≈≈≈≈≈≈≈≈≈≈≈≈≈≈≈
≈≈≈.≈.≈.≈.≈≈≈≈≈≈≈≈≈≈≈≈≈≈≈≈≈≈≈≈≈≈≈
≈≈≈......≈.≈≈≈≈≈≈≈≈≈≈≈≈≈≈≈≈#####
≈≈..........≈...≈≈...≈≈≈
..................≈≈≈
............... ...


You could see a ball python and a rat.

Vanquished Creatures
  6 adders
  4 river rats
  A worm (D:2)
  2 dart slugs
  3 leopard geckos
  An orc (D:3)
  6 ball pythons
  8 bats
  3 giant cockroaches
  7 goblins
  5 hobgoblins
  4 frilled lizards
  16 kobolds
  18 rats
84 creatures vanquished.

Notes
Turn   | Place    | Note
-------+----------+-------------------------------------------
     0 | D:1      | Just00me the Human Fighter began the quest for the Orb.
     0 | D:1      | Reached XP level 1. HP: 18/18 MP: 1/1
    72 | D:1      | Reached XP level 2. HP: 24/24 MP: 2/2
   239 | D:1      | Reached XP level 3. HP: 22/29 MP: 3/3
   939 | D:2      | Reached XP level 4. HP: 27/35 MP: 4/4
  1072 | D:2      | Found a sparkling altar of Nemelex Xobeh.
  1072 | D:2      | Found an opulent altar of Gozag.
  1576 | D:2      | Found a burning altar of Makhleb.
  1772 | D:3      | Reached XP level 5. HP: 30/41 MP: 5/5
  2142 | D:3      | Found a glowing drain.
  2149 | Sewer    | Entered a sewer
  2727 | Sewer    | HP: 2/41 [river rat (1)]
  2761 | Sewer    | HP: 2/41 [ball python (2)]
  2763 | Sewer    | Slain by a ball python

Skill      XL: |  1  2  3  4  5 |
---------------+----------------+-----
Armour         | 4 |  4.7
Long Blades    | 3 4 |  4.2
Fighting       | |  3.0
Shields        | |  3.0

Action                   |  1- 3 |  4- 6 || total
-------------------------+-------+-------++-------
Melee: Long sword        |   108 |   227 ||   335
  Use: Scroll            |       |     3 ||     3
       Potion            |       |     1 ||     1
  Eat: Chunk             |       |     4 ||     4
       Bread ration      |       |     1 ||     1
Armor: Chain mail        |    79 |   219 ||   298
Dodge: Dodged            |    28 |    70 ||    98
Block: Shield            |    53 |   183 ||   236
       Rpst.: Long sword |     9 |    24 ||    33
